 Dungeon Crawl Stone Soup version 0.31-a0-795-g5eb97db20b (console) character file.

Game seed: 8700591596191499657

85696 jejorda2 the Cleaver (level 15, -3/122 HPs)
             Began as a Gnoll Berserker on Sept 18, 2023.
             Was an Elder of Trog.
             Slain by a minotaur simulacrum (6 damage)
             ... in an ice cave.
             The game lasted 01:08:07 (27796 turns).

jejorda2 the Cleaver (Gnoll Berserker)             Turns: 27796, Time: 01:08:08

Health: -3/122     AC: 30    Str: 23    XL:     15   Next: 84%
Magic:  29/29      EV: 13    Int:  7    God:    Trog [****..]
Gold:   665        SH:  0    Dex: 12    Spells: 35/35 levels left

rFire   . . .        a - +0 battleaxe
rCold   + . .        (shield currently unavailable)
rNeg    . . .        S - +2 chain mail {rF+}
rPois   .            c - +2 helmet
rElec   .            C - +0 cloak
rCorr   .            n - +2 pair of gloves
SInv    .            u - +2 pair of boots
Will    +....        p - dreamdust necklace {Acrobat}
Stlth   ++           L - +4 ring of protection
HPRegen 0.40/turn    h - ring of ice
MPRegen 0.21/turn

%: acrobat
@: on berserk cooldown, slowed, very slow
A: fangs 1, strong nose, distributed training
a: Renounce Religion, Berserk, Trog's Hand, Brothers in Arms


You were in an ice cave.
You worshipped Trog.
Trog was greatly pleased with you.
You visited 2 branches of the dungeon, and saw 20 of its levels.
You also visited: Gauntlet and Ice Cave.

You collected 1766 gold pieces.
You spent 1101 gold pieces at shops.

Inventory:

Hand Weapons
 a - a +0 battleaxe (weapon)
 b - a +3 dire flail
Missiles
 d - 24 poisoned darts (quivered)
 e - 15 boomerangs
 s - 3 javelins
 B - 3 curare-tipped darts
 I - 4 atropa-tipped darts
 O - 5 silver javelins
Armour
 c - a +2 helmet (worn)
 n - a +2 pair of gloves (worn)
 u - a +2 pair of boots (worn)
 C - a +0 cloak (worn)
 S - a +2 chain mail of fire resistance (worn)
Jewellery
 h - a ring of ice (right hand)
 p - the dreamdust necklace (around neck) {Acrobat}
   (You acquired it on level 10 of the Dungeon)

   [amulet of the acrobat]

   Acrobat:   It increases your evasion while moving and waiting.
 x - a +6 ring of dexterity
 E - the ring of Tonoman {rElec Str+6}
   (You found it in a Gauntlet)

   [ring of strength]

   Str+6:     It affects your strength (+6).
   rElec:     It insulates you from electricity.
 K - a ring of positive energy
 L - a +4 ring of protection (left hand)
 M - a +4 ring of protection
 P - a ring of fire
Wands
 j - a wand of light (16)
 k - a wand of mindburst (5)
 m - a wand of flame (32)
 G - a wand of polymorph (8)
 H - a wand of digging (2)
Scrolls
 g - 8 scrolls of teleportation
 i - 3 scrolls of immolation
 q - a scroll of butterflies
 y - 2 scrolls of revelation
 N - a scroll of identify
 R - a scroll of fog
Potions
 f - 4 potions of heal wounds
 l - 4 potions of mutation
 r - a potion of cancellation
 t - 3 potions of enlightenment
 v - a potion of ambrosia
 w - 3 potions of invisibility
 z - 2 potions of attraction
 A - 2 potions of haste
 D - a potion of might
 F - 3 potions of curing
 Q - a potion of lignification
Miscellaneous
 J - a phial of floods


   Skills:
 + Level 12.3 Fighting
 + Level 10.6 Short Blades
 + Level 10.6 Long Blades
 + Level 12.3 Axes
 + Level 10.6 Maces & Flails
 + Level 10.6 Polearms
 + Level 10.6 Staves
 + Level 10.6 Ranged Weapons
 + Level 10.6 Throwing
 + Level 11.5 Armour
 + Level 11.5 Dodging
 + Level 10.6 Stealth
 + Level 10.6 Shields
 + Level 10.6 Unarmed Combat
 + Level 10.6 Spellcasting
 + Level 8.9 Conjurations
 + Level 8.9 Hexes
 + Level 8.9 Summonings
 + Level 8.9 Necromancy
 + Level 8.9 Translocations
 + Level 8.9 Transmutations
 + Level 8.9 Fire Magic
 + Level 8.9 Ice Magic
 + Level 8.9 Air Magic
 + Level 8.9 Earth Magic
 + Level 8.9 Poison Magic
 + Level 11.5 Invocations
 + Level 10.6 Evocations
 + Level 9.7 Shapeshifting


You had 35 spell levels left.
You didn't know any spells.
Your spell library was empty.

Dungeon Overview and Level Annotations

Branches:
Dungeon (15/15)            Temple (0/1) D:6            Lair (5/5) D:9
 Shoals (0/4) Lair:2       Spider (0/4) Lair:2        Slime (0/5) Lair:4
    Orc (0/2) D:11         Vaults (0/5) D:14         Depths (0/4) D:15
  IceCv (1/1)             Gauntlet (visited)

Altars:
Cheibriados
Gozag
Ru
Trog
Jiyva
Lugonu

Shops:
D:1 ?   D:7 *   D:9 *   D:15 ?

Portals:
Abyss: Lair:5

Annotations:
D:8 3 runed translucent doors, Shayle's ghost, novice OgSh
D:14 2 transporters, exclusion: orange crystal statue, Caciup's ghost, journeyman GrFi; Nanner's ghost, weakling FoFi


Innate Abilities, Weirdness & Mutations

You have very sharp teeth.
Your uncanny sense of smell can sniff out nearby items.
Your experience applies equally to all skills.


Message History

The minotaur simulacrum hits you but does no damage.
The minotaur simulacrum gores you but does no damage.
The minotaur simulacrum closely misses you.
The minotaur simulacrum gores you but does no damage.
Unknown command.
Unknown command.
Unknown command.
You hit the minotaur simulacrum but do no damage.
The minotaur simulacrum is almost destroyed.
You hit the minotaur simulacrum but do no damage.
The minotaur simulacrum misses you.
The minotaur simulacrum closely misses you.
The minotaur simulacrum hits you!
Your necklace shatters, unleashing a wave of protective dreams!
You dream of life, friendship, and clouds.
The minotaur simulacrum freezes you!! You resist.
The minotaur simulacrum barely misses you.
The minotaur simulacrum closely misses you.
The minotaur simulacrum barely misses you.
Unknown command.
The minotaur simulacrum attacks as it pursues you!
The minotaur simulacrum closely misses you.
The minotaur simulacrum completely misses you.
You hit the minotaur simulacrum.
The minotaur simulacrum is almost destroyed.
You hit the minotaur simulacrum.
The minotaur simulacrum barely misses you.
The minotaur simulacrum gores you but does no damage.
Your lindwurm simulacrum bites the minotaur simulacrum!
The minotaur simulacrum vaporises!
Trog accepts your kill.
The minotaur simulacrum closely misses you.
The minotaur simulacrum misses you.
Unknown command.
You completely miss the minotaur simulacrum.
You bite the minotaur simulacrum, but do no damage.
The minotaur simulacrum is almost destroyed.
The minotaur simulacrum hits you but does no damage.
The minotaur simulacrum gores you.
You die...

#### ##..##
###....##
..##.§§.§..#
.....§§§§§.#
......ZZ§§.#
##..##§Z@§##
# ##§§##
####


You could see a minotaur simulacrum (ally target), a friendly lindwurm
simulacrum (summoned) and a friendly minotaur simulacrum (summoned).

Vanquished Creatures
  Gastronok (Lair:3)
  Kirke (D:13)
  Roxanne (D:14)
  A minotaur (Gauntlet)
  5 hydras
  2 ogre magi (D:15)
  10 two-headed ogres
  2 boulder beetles
  5 centaur warriors
  2 death yaks (Lair:2)
  A tengu warrior (D:15)
  4 thrashing horrors (Lair:5)
  A fire crab (Gauntlet)
  2 skysharks
  Lodul (D:13)
  A fire crab (shapeshifter) (Lair:5)
  A large abomination (Lair:5)
  A wizard (Gauntlet)
  A lindwurm (D:14)
  2 harpies (Lair:2)
  An orc knight (D:15)
  A wolf spider (D:15)
  15 ugly things
  A sphinx simulacrum (D:15)
  4 cyclopes
  An oklob plant (Lair:5)
  An orc sorcerer (D:15)
  23 elephants
  2 ice statues (D:15)
  2 black mambas
  A smoke demon (Lair:5)
  A gargoyle (D:13)
  13 cane toads
  2 unseen horrors
  Psyche (D:10)
  2 kobold demonologists (D:10)
  An efreet (D:14)
  2 rime drakes
  A freezing wraith (D:14)
  2 tengu conjurers
  10 komodo dragons
  A polar bear (Lair:2)
  A troll (D:11)
  A hornet (D:9)
  Prince Ribbit (D:7)
  22 blink frogs
  A blink frog (shapeshifter) (D:14)
  7 dream sheep (Lair:3)
  3 raiju (Lair:5)
  A jumping spider (Lair:2)
  7 slime creatures
  A shadow (D:12)
  2 vampires (D:10)
  3 wyverns
  45 yaks
  A ynoxinul (Lair:5)
  A fire elemental (Lair:4)
  5 wraiths
  3 hogs (D:13)
  6 basilisks
  Grum (D:9)
  3 chaos spawn (Lair:5)
  A spectral komodo dragon (Gauntlet)
  A steam dragon (D:8)
  A redback (Lair:2)
  6 fire bats (Gauntlet)
  4 vampire mosquitoes (D:11)
  9 small abominations (Lair:5)
  2 acid dragons
  18 water moccasins
  A hell hound (Gauntlet)
  7 orc warriors
  An ice beast (D:6)
  2 sky beasts
  5 black bears
  16 ogres
  12 wolves
  6 centaurs
  2 phantoms
  3 kobold brigands
  9 bullfrogs
  A gnoll sergeant (D:9)
  2 scorpions
  7 wights (D:6)
  16 killer bees
  3 howler monkeys
  An electric eel (Lair:2)
  3 jellies
  6 orc priests
  A sleepcap (D:6)
  An iron imp (D:4)
  Ijyb (D:3)
  Natasha (thrice) (D:3)
  13 orc wizards
  5 gnolls (D:9)
  5 adders
  2 shadow imps
  2 white imps (Gauntlet)
  An ufetubus (D:5)
  4 worms
  3 dart slugs
  57 orcs
  2 endoplasms
  3 giant cockroaches
  4 goblins
  7 hobgoblins
  8 jackals
  15 kobolds
  3 quokkas
  3 ball pythons (D:1)
  4 bats
  9 frilled lizards
  3 rats (D:1)
552 creatures vanquished.

Vanquished Creatures (collateral kills)
  2 death yaks (Lair:2)
  A minotaur simulacrum (IceCv)
3 creatures vanquished.

Vanquished Creatures (others)
  3 blink frogs (Lair:5)
  A human (D:13)
4 creatures vanquished.

Grand Total: 559 creatures vanquished

Notes
Turn   | Place    | Note
-------+----------+-------------------------------------------
     0 | D:1      | jejorda2 the Gnoll Berserker began the quest for the Orb.
     0 | D:1      | Reached XP level 1. HP: 23/23 MP: 1/1
    71 | D:1      | Reached XP level 2. HP: 29/29 MP: 2/2
   257 | D:1      | Found a transporter.
   257 | D:1      | Found Pucih's Magic Scroll Boutique.
   334 | D:1      | Reached XP level 3. HP: 35/35 MP: 3/3
   517 | D:1      | Found a transporter.
   529 | D:1      | Bought a scroll of identify for 28 gold pieces
  1045 | D:2      | Reached skill level 1 in Invocations
  1476 | D:1      | Bought a scroll of teleportation for 42 gold pieces
  1695 | D:3      | Found an opulent altar of Gozag.
  1799 | D:3      | Reached skill level 1 in Short Blades
  1799 | D:3      | Reached skill level 1 in Long Blades
  1799 | D:3      | Reached skill level 1 in Maces & Flails
  1799 | D:3      | Reached skill level 1 in Polearms
  1799 | D:3      | Reached skill level 1 in Staves
  1799 | D:3      | Reached skill level 1 in Ranged Weapons
  1799 | D:3      | Reached skill level 1 in Throwing
  1799 | D:3      | Reached skill level 1 in Stealth
  1799 | D:3      | Reached skill level 1 in Shields
  1799 | D:3      | Reached skill level 1 in Unarmed Combat
  1799 | D:3      | Reached skill level 1 in Spellcasting
  1799 | D:3      | Reached skill level 1 in Evocations
  1925 | D:3      | Noticed Ijyb
  1928 | D:3      | Reached XP level 4. HP: 41/41 MP: 5/5
  1930 | D:3      | Reached skill level 1 in Shapeshifting
  1934 | D:3      | Killed Ijyb
  1935 | D:3      | Reached skill level 1 in Conjurations
  1935 | D:3      | Reached skill level 1 in Hexes
  1935 | D:3      | Reached skill level 1 in Summonings
  1935 | D:3      | Reached skill level 1 in Necromancy
  1935 | D:3      | Reached skill level 1 in Translocations
  1935 | D:3      | Reached skill level 1 in Transmutations
  1935 | D:3      | Reached skill level 1 in Fire Magic
  1935 | D:3      | Reached skill level 1 in Ice Magic
  1935 | D:3      | Reached skill level 1 in Air Magic
  1935 | D:3      | Reached skill level 1 in Earth Magic
  1935 | D:3      | Reached skill level 1 in Poison Magic
  1940 | D:3      | Reached ** piety under Trog
  2189 | D:3      | Noticed Natasha
  2197 | D:3      | Killed Natasha
  2198 | D:3      | Reached XP level 5. HP: 36/47 MP: 5/7
  2213 | D:3      | Noticed Natasha
  2220 | D:3      | Killed Natasha
  2829 | D:3      | Noticed Natasha
  2844 | D:3      | Killed Natasha
  3203 | D:1      | Bought a scroll of butterflies for 56 gold pieces
  3456 | D:4      | Reached skill level 5 in Armour
  3456 | D:4      | Reached skill level 5 in Dodging
  3456 | D:4      | Reached XP level 6. HP: 51/51 MP: 8/8
  3712 | D:4      | Found a snail-covered altar of Cheibriados.
  4003 | D:5      | Entered Level 5 of the Dungeon
  4239 | D:5      | Noticed a black bear
  4244 | D:5      | Killed a black bear
  4245 | D:5      | Reached XP level 7. HP: 60/60 MP: 10/10
  4862 | D:1      | Bought a scroll of brand weapon for 133 gold pieces
  5009 | D:6      | Found a staircase to the Ecumenical Temple.
  5339 | D:6      | Reached XP level 8. HP: 20/66 MP: 12/12
  5609 | D:6      | Reached *** piety under Trog
  5769 | D:6      | Noticed a yak
  5777 | D:6      | Noticed a yak
  5788 | D:6      | Noticed a yak
  5789 | D:6      | Killed a yak
  5793 | D:6      | Noticed a yak
  5798 | D:6      | Killed a yak
  5799 | D:6      | Noticed a yak
  5802 | D:6      | Killed a yak
  5803 | D:6      | Reached XP level 9. HP: 39/73 MP: 14/14
  6828 | D:7      | Reached skill level 5 in Invocations
  7041 | D:7      | Found Bove Jack's General Store.
  7538 | D:7      | Noticed Prince Ribbit
  7562 | D:7      | Killed Prince Ribbit
  7567 | D:7      | Bought a potion of heal wounds for 75 gold pieces
  7621 | D:8      | Found a runed translucent gate.
  7621 | D:8      | Found a runed translucent gate.
  7621 | D:8      | Found a runed translucent gate.
  7625 | D:8      | Noticed Shayle's ghost (novice OgSh)
  7734 | D:8      | Reached XP level 10. HP: 78/80 MP: 17/17
  8057 | D:8      | Reached skill level 5 in Short Blades
  8057 | D:8      | Reached skill level 5 in Long Blades
  8057 | D:8      | Reached skill level 5 in Maces & Flails
  8057 | D:8      | Reached skill level 5 in Polearms
  8057 | D:8      | Reached skill level 5 in Staves
  8057 | D:8      | Reached skill level 5 in Ranged Weapons
  8057 | D:8      | Reached skill level 5 in Throwing
  8057 | D:8      | Reached skill level 5 in Stealth
  8057 | D:8      | Reached skill level 5 in Shields
  8057 | D:8      | Reached skill level 5 in Unarmed Combat
  8057 | D:8      | Reached skill level 5 in Spellcasting
  8057 | D:8      | Reached skill level 5 in Evocations
  8624 | D:8      | Found a bloodstained altar of Trog.
  8664 | D:8      | Identified the +10 falchion of the Tired Moons {drain,
                  | rElec rC+ Str+2 Stlth+}
  9163 | D:9      | Noticed Grum
  9178 | D:9      | Killed Grum
  9179 | D:9      | Reached skill level 5 in Shapeshifting
  9182 | D:9      | Reached **** piety under Trog
 10068 | D:9      | Found Cumes's Gadget Gallery.
 10079 | D:9      | Found a staircase to the Lair.
 10214 | D:10     | Entered Level 10 of the Dungeon
 10366 | D:10     | Noticed a kobold demonologist
 10367 | D:10     | Noticed a kobold demonologist
 10377 | D:10     | Killed a kobold demonologist
 10380 | D:10     | Killed a kobold demonologist
 10381 | D:10     | Reached XP level 11. HP: 87/87 MP: 19/19
 10890 | D:10     | Identified a scroll of acquirement
 10890 | D:10     | Acquired the dreamshard necklace {Acrobat *Dream}
 10890 | D:10     | Found the dreamshard necklace {Acrobat *Dream}
 10952 | D:10     | Reached skill level 5 in Conjurations
 10952 | D:10     | Reached skill level 5 in Hexes
 10952 | D:10     | Reached skill level 5 in Summonings
 10952 | D:10     | Reached skill level 5 in Necromancy
 10952 | D:10     | Reached skill level 5 in Translocations
 10952 | D:10     | Reached skill level 5 in Transmutations
 10952 | D:10     | Reached skill level 5 in Fire Magic
 10952 | D:10     | Reached skill level 5 in Ice Magic
 10952 | D:10     | Reached skill level 5 in Air Magic
 10952 | D:10     | Reached skill level 5 in Earth Magic
 10952 | D:10     | Reached skill level 5 in Poison Magic
 11211 | D:10     | Noticed Psyche
 11220 | D:10     | Killed Psyche
 11762 | D:11     | Noticed a two-headed ogre
 11768 | D:11     | Killed a two-headed ogre
 11871 | D:11     | Noticed a boulder beetle
 11889 | D:11     | Killed a boulder beetle
 12085 | D:11     | Found a staircase to the Orcish Mines.
 12356 | D:11     | Noticed a two-headed ogre
 12368 | D:11     | Killed a two-headed ogre
 12979 | D:12     | Noticed a centaur warrior
 12992 | D:12     | Killed a centaur warrior
 13040 | D:12     | Noticed a two-headed ogre
 13051 | D:12     | Killed a two-headed ogre
 13453 | D:12     | Found a sacrificial altar of Ru.
 13481 | D:12     | Noticed a white ugly thing
 13493 | D:12     | Killed a white ugly thing
 13494 | D:12     | Reached XP level 12. HP: 97/97 MP: 22/22
 13752 | Lair:1   | Entered Level 1 of the Lair of Beasts
 14835 | Lair:1   | Reached skill level 10 in Fighting
 14835 | Lair:1   | Reached skill level 10 in Axes
 15364 | Lair:2   | Noticed an eight-headed hydra
 15377 | Lair:1   | Killed an eight-headed hydra
 15675 | Lair:2   | Noticed a five-headed hydra
 15688 | Lair:2   | Killed a five-headed hydra
 15706 | Lair:2   | Noticed a five-headed hydra
 15974 | Lair:2   | Found a hole to the Spider Nest.
 16332 | Lair:2   | Noticed a death yak
 16332 | Lair:2   | Noticed a death yak
 16333 | Lair:2   | Noticed a death yak
 16335 | Lair:2   | Noticed a death yak
 16347 | Lair:2   | Killed a death yak
 16348 | Lair:2   | Reached XP level 13. HP: 104/104 MP: 23/25
 17023 | Lair:2   | Found a staircase to the Shoals.
 18217 | Lair:3   | Noticed Gastronok
 18236 | Lair:3   | Killed Gastronok
 18237 | Lair:3   | Reached skill level 10 in Armour
 18237 | Lair:3   | Reached skill level 10 in Dodging
 19351 | Lair:4   | Reached XP level 14. HP: 90/113 MP: 25/27
 19680 | Lair:4   | Found a viscous altar of Jiyva.
 19680 | Lair:4   | Found a staircase to the Slime Pits.
 19853 | Lair:5   | Entered Level 5 of the Lair of Beasts
 20430 | Lair:4   | Reached skill level 10 in Invocations
 20681 | D:9      | Bought a phial of floods for 640 gold pieces
 22067 | Lair:5   | Identified the +5 dagger of Deformation {venom, rN++ Str+7}
 23358 | Lair:5   | Found a corrupted altar of Lugonu.
 23358 | Lair:5   | Found a one-way gate to the infinite horrors of the Abyss.
 23693 | D:13     | Found a gate leading to a gauntlet.
 23700 | Gauntlet | Entered a Gauntlet
 23700 | Gauntlet | Found a large runed translucent door.
 23700 | Gauntlet | Found a large runed translucent door.
 23700 | Gauntlet | Found a large runed translucent door.
 23700 | Gauntlet | Found a large runed translucent door.
 23700 | Gauntlet | Found a large runed translucent door.
 23700 | Gauntlet | Found a transporter.
 23700 | Gauntlet | Found a large runed translucent door.
 23700 | Gauntlet | Found a large runed translucent door.
 23700 | Gauntlet | Found a large runed translucent door.
 23700 | Gauntlet | Found a runed translucent door.
 23700 | Gauntlet | Found a runed translucent gate.
 23700 | Gauntlet | Found a runed translucent gate.
 23700 | Gauntlet | Found a transporter.
 23700 | Gauntlet | Found a transporter.
 23902 | Gauntlet | Found a transporter.
 23905 | Gauntlet | Found a transporter.
 23912 | Gauntlet | Found a runed translucent door.
 23915 | Gauntlet | Found a transporter.
 23916 | Gauntlet | Found a transporter.
 23920 | Gauntlet | Found a runed translucent door.
 23922 | Gauntlet | Found a runed translucent door.
 23924 | Gauntlet | Found a transporter.
 23942 | Gauntlet | Found a transporter.
 23959 | Gauntlet | Found a transporter.
 23962 | Gauntlet | Found a transporter.
 23972 | Gauntlet | Found a transporter.
 23977 | Gauntlet | Found a runed translucent gate.
 23978 | Gauntlet | Found a large runed translucent door.
 23978 | Gauntlet | Found a large runed translucent door.
 23979 | Gauntlet | Found a large runed translucent door.
 23980 | Gauntlet | Found a large runed translucent door.
 23981 | Gauntlet | Found a large runed translucent door.
 23981 | Gauntlet | Found a large runed translucent door.
 23981 | Gauntlet | Found a runed translucent door.
 23982 | Gauntlet | Found a large runed translucent door.
 23983 | Gauntlet | Found a large runed translucent door.
 24187 | Gauntlet | Reached XP level 15. HP: 120/120 MP: 28/28
 24190 | Gauntlet | Identified the +0 robe of Dehufot {*Corrode rC+ rN+ MP+9}
 24193 | Gauntlet | Identified the ring of Tonoman {rElec Str+6}
 24428 | D:13     | Noticed Kirke
 24453 | D:13     | Killed Kirke
 24505 | D:13     | Noticed Lodul
 24508 | D:13     | Reached skill level 10 in Short Blades
 24508 | D:13     | Reached skill level 10 in Long Blades
 24508 | D:13     | Reached skill level 10 in Maces & Flails
 24508 | D:13     | Reached skill level 10 in Polearms
 24508 | D:13     | Reached skill level 10 in Staves
 24508 | D:13     | Reached skill level 10 in Ranged Weapons
 24508 | D:13     | Reached skill level 10 in Throwing
 24508 | D:13     | Reached skill level 10 in Stealth
 24508 | D:13     | Reached skill level 10 in Shields
 24508 | D:13     | Reached skill level 10 in Unarmed Combat
 24508 | D:13     | Reached skill level 10 in Spellcasting
 24508 | D:13     | Reached skill level 10 in Evocations
 24524 | D:13     | Killed Lodul
 25551 | D:14     | Noticed Roxanne
 25829 | D:14     | Killed Roxanne
 26685 | D:14     | Found a gate to the Vaults.
 26876 | D:14     | Noticed Nanner's ghost (weakling FoFi)
 26929 | D:14     | Noticed Caciup's ghost (journeyman GrFi)
 27056 | D:14     | Found a transporter.
 27058 | D:14     | Found a transporter.
 27412 | D:14     | Noticed a fire giant
 27431 | D:15     | Entered Level 15 of the Dungeon
 27574 | D:15     | Found Viawyxic's Magic Scroll Shoppe.
 27577 | D:15     | Bought a scroll of blinking for 127 gold pieces
 27661 | D:15     | HP: 4/121 [wolf spider (6)]
 27723 | D:15     | Found a frozen archway.
 27783 | IceCv    | Entered an ice cave
 27791 | IceCv    | HP: 5/122 [minotaur simulacrum (8)]
 27796 | IceCv    | Slain by a minotaur simulacrum

Illustrated notes

Levels and vault maps discovered:
D:1:      lightli_arrival_lavapool, layout_basic, serial_shops,
          nicolae_shop_drivethru
D:2:      layout_basic
D:3:      minmay_recursive_quarters, layout_loops_ring,
          mainiacjoe_overflow_catwalk, minmay_lizard_king, uniq_ijyb,
          uniq_natasha
D:4:      layout_cave_pools, slow_altar_2
D:5:      layout_loops_ring
D:6:      nicolae_BIG_FREAKIN_CUBE, layout_cave_pods,
          minmay_temple_entry_junction, serial_column_ruins,
          column_ruins_square_huge, column_ruins_open_tiny, column_ruins_grid_1,
          column_ruins_grid_1, column_ruins_corridor_straight,
          column_ruins_corridor_straight, column_ruins_open_small,
          column_ruins_grid_1
D:7:      layout_loops_ring, serial_shops, shop, uniq_prince_ribbit1
D:8:      layout_loops_corners, amcnicky_altar_gilded,
          ebering_ghost_rock_garden, blue_anna_alchemist
D:9:      layout_irregular_city, lair_entry_dummy, nicolae_shop_gadgets,
          uniq_grum
D:10:     layout_stronghold, uniq_psyche
D:11:     layout_loops_ring
D:12:     layout_long_grid, nicolae_ru_path_of_blood
D:13:     layout_irregular_city, gauntlet_entry_generic, serial_column_ruins,
          column_ruins_open_tiny_water, column_ruins_corridor_straight,
          column_ruins_columns_water, column_ruins_columns_straight,
          column_ruins_columns_corner, uniq_kirke, uniq_lodul
D:14:     layout_long_grid, david_vaults_4, nzn_ghost_randoct,
          nicolae_water_bricks, uniq_roxanne
D:15:     hangedman_depths_entry_try_elsewhere_first, layout_basic,
          serial_shops, nicolae_shop_rolled_up, chequers_serial_rivers_small_3,
          portal_ice_cave_entry_ice_statue_two, nicolae_diode_intersection,
          uniq_louise
Lair:1:   layout_roguey, lemuel_fruit_tree
Lair:2:   layout_loops_ring, nicolae_shoals_entry_roost, spider_nest_entry_a,
          grunt_megastairs_5
Lair:3:   layout_loops_ring, beast_lair_carwin_4, uniq_gastronok
Lair:4:   layout_gridlike, dpeg_slime_entry_enclosed, grunt_megastairs_1,
          serial_bayou_shore_a
Lair:5:   hellmonk_lair_end_abyssal_woods, layout_cave_pods
IceCv:    ice_cave_tombish

Skill      XL: |  1  2  3  4  5  6  7  8  9 10 11 12 13 14 15 |
---------------+----------------------------------------------+-----
Invocations    | 1 2 3 4 5 6 7 8 9 10 11 | 11.5
Short Blades   | 1 2 3 4 5 7 8 9 10 | 10.6
Long Blades    | 1 2 3 4 5 7 8 9 10 | 10.6
Maces & Flails | 1 2 3 4 5 7 8 9 10 | 10.6
Polearms       | 1 2 3 4 5 7 8 9 10 | 10.6
Staves         | 1 2 3 4 5 7 8 9 10 | 10.6
Ranged Weapons | 1 2 3 4 5 7 8 9 10 | 10.6
Throwing       | 1 2 3 4 5 7 8 9 10 | 10.6
Stealth        | 1 2 3 4 5 7 8 9 10 | 10.6
Shields        | 1 2 3 4 5 7 8 9 10 | 10.6
Unarmed Combat | 1 2 3 4 5 7 8 9 10 | 10.6
Spellcasting   | 1 2 3 4 5 7 8 9 10 | 10.6
Evocations     | 1 2 3 4 5 7 8 9 10 | 10.6
Shapeshifting  | 1 2 3 4 5 6 7 8 9 |  9.7
Conjurations   | 1 2 3 4 5 6 7 8 |  8.9
Hexes          | 1 2 3 4 5 6 7 8 |  8.9
Summonings     | 1 2 3 4 5 6 7 8 |  8.9
Necromancy     | 1 2 3 4 5 6 7 8 |  8.9
Translocations | 1 2 3 4 5 6 7 8 |  8.9
Transmutations | 1 2 3 4 5 6 7 8 |  8.9
Fire Magic     | 1 2 3 4 5 6 7 8 |  8.9
Ice Magic      | 1 2 3 4 5 6 7 8 |  8.9
Air Magic      | 1 2 3 4 5 6 7 8 |  8.9
Earth Magic    | 1 2 3 4 5 6 7 8 |  8.9
Poison Magic   | 1 2 3 4 5 6 7 8 |  8.9
Armour         | 5 6 7 8 9 10 11 | 11.5
Dodging        | 5 6 7 8 9 10 11 | 11.5
Fighting       | 7 8 9 10 11 12 | 12.3
Axes           | 7 8 9 10 11 12 | 12.3

Action                     |  1- 3 |  4- 6 |  7- 9 | 10-12 | 13-15 || total
---------------------------+-------+-------+-------+-------+-------++-------
  Melee: Hand axe          |   101 |   193 |   142 |       |       ||   436
         Bite              |    12 |    17 |    31 |    75 |   214 ||   349
         Punch             |     3 |     2 |     8 |     4 |       ||    17
         War axe           |       |       |    66 |    69 |       ||   135
         Dire flail        |       |       |    90 |   370 |   810 ||  1270
         Battleaxe         |       |       |       |   298 |   437 ||   735
  Throw: Dart              |       |       |       |    47 |    39 ||    86
         Javelin           |       |       |       |       |     7 ||     7
 Invoke: Berserk           |     2 |     3 |     7 |    25 |    33 ||    70
         Trog's Hand       |       |       |     1 |     8 |    19 ||    28
         Brothers in Arms  |       |       |       |       |     2 ||     2
  Evoke: Wand              |       |       |     6 |     6 |    14 ||    26
         Phial of floods   |       |       |       |       |     1 ||     1
    Use: Scroll            |     1 |     2 |     1 |    14 |    12 ||    30
         Potion            |       |       |     1 |     1 |     8 ||    10
   Stab: Sleeping          |     2 |       |     1 |     1 |       ||     4
         Invisible         |       |       |     1 |     3 |     2 ||     6
         Distracted        |       |       |       |       |     2 ||     2
         Paralysed         |       |       |       |       |     2 ||     2
 Armour: Animal skin       |    47 |    12 |       |       |       ||    59
         Leather armour    |       |    13 |       |       |       ||    13
         Scale mail        |       |    93 |   211 |    39 |       ||   343
         Ring mail         |       |     7 |       |       |       ||     7
         Plate armour      |       |       |       |   690 |       ||   690
         Chain mail        |       |       |       |   103 |  1157 ||  1260
  Dodge: Dodged            |    58 |    90 |   126 |   379 |  1004 ||  1657

Table legend: (Time is in decaauts)
 A = Elapsed time spent in this place.
 B = Non-inter-level travel time spent in this place.
 C = Inter-level travel time spent in this place.
 D = Time resting spent in this place.
 E = Time spent auto-exploring this place.
 F = Levels seen in this place.
 G = Mean time per level.
                   A        B        C        D        E       F      G
               +--------+--------+--------+--------+--------+-----+--------+
         Total |  28326 |  26068 |   2258 |   5341 |  15706 |  22 | 1287.5 |
       Dungeon |  17689 |  16047 |   1642 |   3018 |  10297 |  15 | 1179.3 |
          Lair |   9962 |   9346 |    616 |   2251 |   5048 |   5 | 1992.4 |
      Ice Cave |     15 |     15 |      0 |      0 |      0 |   1 |   15.0 |
      Gauntlet |    658 |    658 |      0 |     71 |    360 |   1 |  658.0 |
               +--------+--------+--------+--------+--------+-----+--------+

Top non-repeatable levels by time:
  Lair:5: 2753 daAuts
  Lair:1: 2178 daAuts
  Lair:4: 1837 daAuts
     D:6: 1755 daAuts
    D:14: 1703 daAuts
  Lair:2: 1678 daAuts
     D:8: 1627 daAuts
  Lair:3: 1513 daAuts
    D:13: 1489 daAuts
     D:3: 1408 daAuts
     D:9: 1327 daAuts
    D:11: 1291 daAuts
     D:1: 1203 daAuts
    D:12: 1142 daAuts
    D:10: 1082 daAuts
